 Dungeon Crawl Stone Soup version 0.29.1-4-g47bece8355 (webtiles) character file.

Game seed: 9125996052165452348

64 H0rd4k the Charlatan (level 4, -8/29 HPs)
             Began as an Octopode Artificer on Dec 5, 2022.
             Mangled by an iguana (14 damage)
             ... on level 3 of the Dungeon.
             The game lasted 00:01:35 (2238 turns).

H0rd4k the Charlatan (Octopode Artificer)           Turns: 2238, Time: 00:01:35

Health: -8/29      AC:  1    Str: 11    XL:     4   Next: 12%
Magic:  6/6        EV: 14    Int: 15    God:
Gold:   136        SH:  0    Dex: 18    Spells: 6/6 levels left

rFire   . . .      SeeInvis .     - Unarmed
rCold   . . .      Faith    .   (no shield)
rNeg    . . .      Spirit   .   (helmet restricted)
rPois   .          Reflect  .   (no amulet)
rElec   .          Harm     .   a - +6 ring of dexterity
rCorr   .          Rampage  .   (no ring)
Will    .....                   (no ring)
Stlth   +++.......              (no ring)
HPRegen 0.09/turn               (no ring)
MPRegen 0.10/turn               (no ring)
                                (no ring)
                                (no ring)

@: no status effects
A: almost no armour, amphibious, 8 rings, camouflage 1, gelatinous body 1,
(nimble swimmer 1), tentacles
a: no special abilities


You were on level 3 of the Dungeon.
You visited 1 branch of the dungeon, and saw 3 of its levels.

You collected 136 gold pieces.

Inventory:

Jewellery
 a - a +6 ring of dexterity (left tentacle)
 r - a ring of willpower
 s - a +6 ring of strength
Wands
 b - a wand of flame (15) (quivered)
 c - a wand of charming (14)
 d - a wand of iceblast (5)
Scrolls
 f - a scroll of fog {unknown}
 g - a scroll of acquirement {unknown}
 h - a scroll of fear {unknown}
 j - a scroll of torment {unknown}
 k - 2 scrolls of identify {unknown}
 m - a scroll of noise {unknown}
 p - a scroll of enchant armour {unknown}
 q - a scroll of teleportation {unknown}
Potions
 e - 2 potions of lignification {unknown}
 i - a potion of heal wounds {unknown}
 l - 2 potions of degeneration {unknown}
 n - a potion of haste {unknown}
 o - a potion of curing {unknown}


   Skills:
 * Level 2.3 Fighting
 - Level 2.3 Dodging
 - Level 1.3 Stealth
 + Level 1.7 Unarmed Combat
 * Level 1.8 Spellcasting
 - Level 3.2 Evocations


You had 6 spell levels left.
You didn't know any spells.
Your spell library contained the following spells:

 Spells                   Type           Power      Damage    Failure   Level
 Beastly Appendage        Tmut           2%         N/A       22%         1
 Wereblood                Tmut           1%         N/A       34%         2
 Spider Form              Tmut/Pois      1%         N/A       56%         3


Dungeon Overview and Level Annotations

Branches:
Dungeon (3/15)

Altars:


Innate Abilities, Weirdness & Mutations

You cannot wear most types of armour.
You are amphibious.
You can wear up to eight rings at the same time.
Your skin changes colour to match your surroundings (Stealth+).
Your rubbery body absorbs attacks. (AC +1, EV +1)
((You are camouflaged when in or above water. (Stealth+)))
You have tentacles for arms and can constrict up to eight enemies at once.


Message History

The bat hits you but does no damage.
A bat is nearby!
You barely miss the bat. You grab the bat. You tentacle-slap the bat.
You squeeze the bat.
You kill the bat!
You now have 136 gold pieces (gained 4).
s - a +6 ring of strength No target in view!
Found 3 stones.
You see here 3 stones.
An endoplasm comes into view.
Found a stone staircase leading down.
An endoplasm is nearby!
An endoplasm is nearby!
The endoplasm misses you.
An endoplasm is nearby!
You tentacle-slap the endoplasm. You squeeze the endoplasm.
You kill the endoplasm!
An iguana comes into view.
The iguana hisses angrily.
An iguana is nearby!
An iguana is nearby!
Found a short sword.
The iguana bites you!
An iguana is nearby!
You tentacle-slap the iguana but do no damage.
Your grab misses the iguana. The iguana closely misses you.
You tentacle-slap the iguana. Your grab misses the iguana.
Your squeeze misses the iguana.
The iguana is moderately wounded.
The iguana bites you!
* * * LOW HITPOINT WARNING * * *
You tentacle-slap the iguana but do no damage.
Your grab misses the iguana.
The iguana is moderately wounded.
The iguana barely misses you.
Aiming: Charm
Press: ? - help, Shift-Dir - straight line, f - iguana
Aim: an iguana (moderately wounded, chance to affect: 66%)
The iguana struggles to resist.
The iguana bites you!
You die...

... .. ..#... ..
#....... .# #. .....###
.# ### ##.. ......#
.##....
.....#..##.###.....#
#...#..##...#.....# ..
#......##...@l....# ..
#.........#......... ..
#..........##....... ..
#...###.....#......)
........##......##......
........##............#.
.........#..............
.........#..............
##.......###........


You could see an iguana.

Vanquished Creatures
  2 adders
  A dart slug (D:3)
  3 orcs (D:3)
  3 ball pythons (D:1)
  7 bats
  8 endoplasms
  4 goblins
  4 hobgoblins
  A quokka (D:2)
  2 frilled lizards
  A kobold (D:1)
  A rat (D:1)
37 creatures vanquished.

Notes
Turn   | Place    | Note
-------+----------+-------------------------------------------
     0 | D:1      | H0rd4k the Octopode Artificer began the quest for the Orb.
     0 | D:1      | Reached XP level 1. HP: 13/13 MP: 1/1
   336 | D:1      | Reached XP level 2. HP: 10/18 MP: 3/3
   488 | D:1      | Found a faded altar of an unknown god.
   542 | D:1      | Reached skill level 1 in Spellcasting
  1357 | D:2      | Reached XP level 3. HP: 24/24 MP: 3/5
  1409 | D:2      | Reached skill level 1 in Unarmed Combat
  1909 | D:3      | Reached XP level 4. HP: 10/29 MP: 6/6
  2238 | D:3      | Mangled by an iguana

Illustrated notes

Levels and vault maps discovered:
D:1:      lemuel_arrival_funnel, layout_loops_corners,
          ebering_ecumenical_altar_hall, dreamdust_wishing_well
D:2:      layout_basic
D:3:      layout_basic, mainiacjoe_overflow_tiny_flanked

Skill      XL: |  1  2  3 |
---------------+----------+-----
Spellcasting   | 1 |  1.8
Fighting       | 2 |  2.3
Unarmed Combat | 1 |  1.7
Dodging        | |  2.3
Stealth        | |  1.3
Evocations     | |  3.2

Action                   |  1- 3 |  4- 6 || total
-------------------------+-------+-------++-------
Melee: Unarmed           |    77 |    10 ||    87
       Constrict         |    24 |     1 ||    25
       Tentacles         |    19 |     2 ||    21
       Punch             |     2 |     1 ||     3
Evoke: Wand              |       |     1 ||     1
 Stab: Sleeping          |    12 |       ||    12
       Distracted        |     1 |       ||     1
Armor: Skin              |     7 |     1 ||     8
Dodge: Dodged            |    44 |     5 ||    49
